 Dungeon Crawl Stone Soup version 0.29.0-4-gdea44cf6ec (webtiles) character file.

Game seed: 3747323874553776331

75 qw the Chopper (level 4, -1/26 HPs)
             Began as a Tengu Warper on Aug 28, 2022.
             Slain by a gnoll
             ... wielding a +0 flail
              (3 damage)
             ... on level 3 of the Dungeon.
             The game lasted 00:00:15 (2174 turns).

qw the Chopper (Tengu Warper)                       Turns: 2174, Time: 00:00:16

Health: -1/26      AC: 12    Str: 13    XL:     4   Next: 31%
Magic:  8/8        EV: 11    Int: 13    God:
Gold:   193        SH:  0    Dex: 14    Spells: 7/7 levels left

rFire   . . .      SeeInvis .   e - +0 war axe
rCold   . . .      Faith    .   (no shield)
rNeg    . . .      Spirit   .   d - +0 ring mail
rPois   .          Reflect  .   (helmet restricted)
rElec   .          Harm     .   (no cloak)
rCorr   .          Rampage  .   l - +2 pair of gloves
Will    .....                   (boots unavailable)
Stlth   +.........              (no amulet)
HPRegen 0.08/turn               f - +4 ring of protection
MPRegen 0.11/turn               (no ring)

@: about to teleport
A: beak, talons 3
a: no special abilities


You were on level 3 of the Dungeon.
You visited 1 branch of the dungeon, and saw 3 of its levels.

You collected 193 gold pieces.


Innate Abilities, Weirdness & Mutations

You have a beak for a mouth.
You have claws for feet.


   Skills:
 - Level 2.0 Fighting
 + Level 4.9 Axes
 - Level 1.0 Throwing
 - Level 1.1 Armour
 - Level 2.1 Dodging
 - Level 2.0 Spellcasting
 - Level 2.4 Translocations


You had 7 spell levels left.
You didn't know any spells.
Your spell library contained the following spells:

 Spells                   Type           Power      Damage    Failure   Level
 Blink                    Tloc           14%        N/A       30%         2
 Gell's Gravitas          Tloc           7%         N/A       52%         3
 Lesser Beckoning         Tloc           7%         N/A       52%         3
 Teleport Other           Tloc           7%         N/A       52%         3
 Manifold Assault         Tloc           7%         N/A       99%         5

Inventory:

Hand Weapons
 a - a +0 morningstar
 e - a +0 war axe (weapon)
Armour
 d - a +0 ring mail (worn)
 l - a +2 pair of gloves (worn)
Jewellery
 c - a ring of see invisible
 f - a +4 ring of protection (left hand)
Scrolls
 b - a scroll of butterflies {unknown}
 h - 4 scrolls of identify
Potions
 i - a potion of lignification {unknown}

Dungeon Overview and Level Annotations

Branches:
Dungeon (3/15)

Altars:


Message History

The kobold shouts!
You hear a shout! x2
A gnoll comes into view. It is wielding a +0 flail.
2159 ||| Stepping ~*~*~tactically~*~*~ (stealth). 2 gnolls and a goblin come into view.
The gnoll shouts! x2
The gnoll moves out of view.
The kobold throws a poisoned dart.
The poisoned dart hits you!
You are poisoned.
A gnoll comes into view. It is wielding a +0 club.
2166 ||| Stepping ~*~*~tactically~*~*~ (stealth).
You feel very sick.
You feel sick.
You miss the kobold. You claw the kobold.
You kill the kobold!
You feel sick.
You start resting.
You feel sick.
A goblin is nearby!
You hit the goblin. You claw the goblin, but do no damage.
The goblin is moderately wounded.
You feel sick. The goblin hits you with a +0 club.
You closely miss the goblin.
The goblin is moderately wounded.
You feel sick. The goblin hits you with a +0 club.
You hit the goblin but do no damage. You claw the goblin.
You kill the goblin!
You closely miss the gnoll.
You feel sick. The gnoll closely misses you.
The gnoll hits you with a +0 flail. The gnoll hits you with a +0 flail!
2173 ||| READING scroll of teleportation.
As you read the scroll of teleportation, it crumbles to dust.
You feel strangely unstable.
You feel sick.
You are no longer poisoned.
The gnoll hits you but does no damage. The gnoll barely misses you.
You hit the gnoll. You peck the gnoll, but do no damage.
The gnoll is moderately wounded.
You hit the gnoll. The gnoll hits you with a +0 flail.
You die...

.# ... ...# ###
..... ..#
...).####.####
.......#.....
..........#
#.#..g..#####
#.....#@..%..#
#..#.##g.###.#
######## #.
#.....#
#.####......#
...g###.##
#....#.####.#
........#
#....#.##.#.#
.....####
#.##.#....#.#
..g.
###....####....
^..
#..............
g.
#.....#.###...)


You could see 2 gnolls.

Vanquished Creatures
  An adder (D:2)
  2 dart slugs
  4 orcs (D:3)
  A ball python (D:1)
  12 endoplasms
  10 goblins
  5 hobgoblins
  6 kobolds
  3 quokkas
  A frilled lizard (D:3)
  6 rats
51 creatures vanquished.

Notes
Turn   | Place    | Note
-------+----------+-------------------------------------------
     0 | D:1      | qw the Tengu Warper began the quest for the Orb.
     0 | D:1      | Reached XP level 1. HP: 12/12 MP: 4/4
     0 | D:1      | 0 ||| qw: Version: 0.1-a-89-g26bdef1
     0 | D:1      | 0 ||| qw: Game counter: 1110
     0 | D:1      | 0 ||| qw: Always use a shield: true
     0 | D:1      | 0 ||| qw: God list: Okawaru
     0 | D:1      | 0 ||| qw: Allow faded altars: false
     0 | D:1      | 0 ||| qw: Do Orc after D:15 true
     0 | D:1      | 0 ||| qw: Do second Lair branch before Depths: true
     0 | D:1      | 0 ||| qw: Lair rune preference: random
     0 | D:1      | 0 ||| qw: Plans: Normal
     0 | D:1      | 0 ||| PLANNING D:1-11
    94 | D:1      | Reached skill level 3 in Axes
    94 | D:1      | Reached XP level 2. HP: 17/17 MP: 6/6
   386 | D:1      | Found a faded altar of an unknown god.
   390 | D:1      | 390 ||| Stepping ~*~*~tactically~*~*~ (stealth).
   886 | D:1      | 886 ||| UPGRADING to +4 ring of protection.
   887 | D:1      | 887 ||| DROPPING ring of wizardry.
   888 | D:1      | 888 ||| READING scroll labelled RIFALU TUONO.
   889 | D:1      | 889 ||| READING scroll labelled NULOINO UMIPH.
   990 | D:1      | 990 ||| READING scroll labelled ZED AMYFEG.
   991 | D:1      | 991 ||| DROPPING scroll of blinking.
  1040 | D:2      | 1040 ||| STAIRDANCE
  1130 | D:2      | 1130 ||| STAIRDANCE
  1133 | D:1      | Reached XP level 3. HP: 21/21 MP: 7/7
  1135 | D:2      | 1135 ||| Stepping ~*~*~tactically~*~*~ (stealth).
  1150 | D:2      | Reached skill level 4 in Axes
  1469 | D:2      | 1469 ||| Stepping ~*~*~tactically~*~*~ (stealth).
  1471 | D:2      | 1471 ||| Stepping ~*~*~tactically~*~*~ (stealth).
  1472 | D:2      | 1472 ||| Stepping ~*~*~tactically~*~*~ (stealth).
  1723 | D:2      | 1723 ||| UPGRADING to +0 ring mail.
  1733 | D:2      | 1733 ||| DROPPING +0 leather armour.
  1734 | D:2      | 1734 ||| UPGRADING to +0 pair of gloves.
  1739 | D:2      | 1739 ||| DROPPING ring of magical power.
  1740 | D:2      | 1740 ||| READING scroll labelled XEMUNEG MOQARCH.
  1741 | D:2      | 1741 ||| READING 2 scrolls labelled PYOPTA EGEVUIKH.
  1744 | D:2      | 1744 ||| READING 2 scrolls labelled SAEZYN ANAI.
  1745 | D:2      | 1745 ||| READING scroll of enchant armour.
  1745 | D:2      | 1745 ||| ENCHANTING +0 pair of gloves.
  1746 | D:2      | 1746 ||| DRINKING 2 red potions.
  1747 | D:2      | 1747 ||| READING 2 scrolls of identify.
  1747 | D:2      | 1747 ||| IDENTIFYING blue potion
  1748 | D:2      | 1748 ||| DROPPING potion of magic.
  1749 | D:2      | 1749 ||| DROPPING potion of flight.
  1768 | D:3      | Reached XP level 4. HP: 26/26 MP: 8/8
  1771 | D:3      | 1771 ||| DROPPING +0 mace.
  1788 | D:3      | 1788 ||| READING scroll of enchant armour.
  1788 | D:3      | 1788 ||| ENCHANTING +1 pair of gloves.
  1966 | D:3      | 1966 ||| DROPPING +0 whip of freezing.
  1979 | D:3      | 1979 ||| Stepping ~*~*~tactically~*~*~ (stealth).
  1980 | D:3      | 1980 ||| Stepping ~*~*~tactically~*~*~ (stealth).
  1981 | D:3      | 1981 ||| DROPPING +0 flail.
  2031 | D:3      | 2031 ||| SWAPPING to +0 war axe.
  2032 | D:3      | 2032 ||| DROPPING +0 hand axe of venom.
  2075 | D:3      | 2075 ||| Stepping ~*~*~tactically~*~*~ (stealth).
  2079 | D:3      | 2079 ||| Stepping ~*~*~tactically~*~*~ (stealth).
  2159 | D:3      | 2159 ||| Stepping ~*~*~tactically~*~*~ (stealth).
  2166 | D:3      | 2166 ||| Stepping ~*~*~tactically~*~*~ (stealth).
  2172 | D:3      | HP: 2/26 [gnoll/+0 flail (8)]
  2173 | D:3      | 2173 ||| READING scroll of teleportation.
  2174 | D:3      | Slain by a gnoll

Levels and vault maps discovered:
D:1:      minmay_arrival_four_houses, layout_basic, basic_ecumenical_altar,
          minmay_tree_intersection
D:2:      layout_rooms, serial_corexii_hall, corexii_hall_statues_deadend,
          corexii_hall_statues_l
D:3:      layout_basic, minivault_14, minmay_goblin_outpost, uniq_sigmund

Skill      XL: |  1  2  3 |
---------------+----------+-----
Axes           | 3 4 |  4.9
Fighting       | |  2.0
Throwing       | |  1.0
Armour         | |  1.1
Dodging        | |  2.1
Spellcasting   | |  2.0
Translocations | |  2.4

Action                   |  1- 3 |  4- 6 || total
-------------------------+-------+-------++-------
Melee: Hand axe          |    64 |    20 ||    84
       Kick              |    13 |     9 ||    22
       Peck              |    12 |     4 ||    16
       War axe           |       |    12 ||    12
Throw: Boomerang         |     7 |       ||     7
  Use: Scroll            |     8 |     2 ||    10
       Potion            |     1 |       ||     1
Armor: Leather armour    |    22 |       ||    22
       Ring mail         |       |     4 ||     4
Dodge: Dodged            |    21 |    10 ||    31

Table legend:
 A = Non-vault XP
 B = Vault XP
 C = Vault XP percentage of total XP
 D = Non-vault monster count
 E = Vault monster count
 F = Vault count percentage of total count
                 A         B        C        D         E       F
            +---------+---------+-------+---------+---------+-------
      Total |     108 |       0 |   0.0 |      51 |       0 |   0.0
            +---------+---------+-------+---------+---------+-------
        D:1 |      35 |       0 |   0.0 |      18 |       0 |   0.0
        D:2 |      44 |       0 |   0.0 |      19 |       0 |   0.0
        D:3 |      29 |       0 |   0.0 |      14 |       0 |   0.0
            +---------+---------+-------+---------+---------+-------
